 Dungeon Crawl Stone Soup version 0.29-a0-824-gd827844252 (webtiles) character file.

Game seed: 11825790030802549712

51 27snakeeyes612 the Trooper (level 3, -3/33 (34) HPs)
             Began as a Naga Fighter on July 9, 2022.
             Slain by Crazy Yiuf
             ... wielding a +4 quarterstaff of chaos
              (4 damage)
             ... on level 2 of the Dungeon.
             The game lasted 00:00:58 (1852 turns).

27snakeeyes612 the Trooper (Naga Fighter)           Turns: 1852, Time: 00:00:58

HP:   -3/33 (34)    AC:  4    Str: 20    XL:     3   Next: 81%
MP:   3/3           EV:  7    Int:  8    God:
Gold: 44            SH:  4    Dex: 10    Spells: 2/2 levels left

rFire   . . .      SeeInvis +   a - +0 war axe
rCold   . . .      Faith    .   c - +0 buckler
rNeg    . . .      Spirit   .   b - +0 scale mail
rPois   +          Reflect  .   (no helmet)
rElec   .          Harm     .   (no cloak)
rCorr   .          Rampage  .   (no gloves)
Will    .....                   (no barding)
Stlth   ..........              (no amulet)
HPRegen 0.11/turn               (no ring)
MPRegen 0.08/turn               (no ring)

@: short of breath, lightly drained, invisible, very slow
A: AC +1, large, see invisible, deformed body, poison resistance, slowness 2,
spit poison 1, naga tail 1
a: Spit Poison


You were on level 2 of the Dungeon.
You visited 1 branch of the dungeon, and saw 2 of its levels.

You collected 44 gold pieces.

Inventory:

Hand Weapons
 a - a +0 war axe (weapon)
Armour
 b - a +0 scale mail (worn)
 c - a +0 buckler (worn)
 h - a +0 plate armour
Jewellery
 m - a ring of protection from fire
 n - an amulet of guardian spirit
Scrolls
 e - 3 scrolls of identify {unknown}
 f - a scroll of poison {unknown}
 g - a scroll of blinking {unknown}
 k - a scroll of teleportation {unknown}
Potions
 d - a potion of might
 i - 2 potions of lignification {unknown}
 j - a potion of berserk rage {unknown}
 l - a potion of curing {unknown}
 o - a potion of flight {unknown}


   Skills:
 + Level 3.4 Fighting
 + Level 2.6 Axes
 + Level 2.8 Armour
 + Level 3.1 Shields


You had 2 spell levels left.
You didn't know any spells.
Your spell library contained the following spells:

 Spells                   Type           Power      Damage    Failure   Level
 Ensorcelled Hibernation  Hex/Ice        0%         N/A       93%         2
 Passwall                 Tmut/Erth      0%         N/A       93%         2
 Confusing Touch          Hex            0%         N/A       99%         3
 Swiftness                Air            0%         N/A       99%         3
 Yara's Violent Unravell  Hex/Tmut       0%         3d3       100%        5
 Enfeeble                 Hex            0%         N/A       100%        7


Dungeon Overview and Level Annotations

Branches:
Dungeon (2/15)

Altars:

Shops:
D:1 :

Annotations:
D:2 Crazy Yiuf


Innate Abilities, Weirdness & Mutations

Your serpentine skin is tough. (AC +1)
You have supernaturally acute eyesight. (SInv)
Armour fits poorly on your strangely shaped body.
Your system is resistant to poisons. (rPois)
You cover ground very slowly.
You can spit poison.
You have a snake-like lower body.


Message History

Key pressed, stopping explore.
No target in view!
You can't see any hostile targets in range.
Key pressed, stopping explore.
No target in view!
You can't see any hostile targets in range.
No target in view!
You see here a hobgoblin corpse.
You see here a +0 war axe.
Key pressed, stopping explore.
You can't see any hostile targets in range.
No target in view!
Crazy Yiuf shouts!
Crazy Yiuf cries, "Rifle!"
You can't see any hostile targets in range.
No reachable target in view!
Could not explore, unopened runed door.
No reachable target in view!
You can't see any hostile targets in range.
You open the door.
Crazy Yiuf is nearby!
You closely miss Crazy Yiuf.
Crazy Yiuf hits you with a +4 quarterstaff of chaos!
You fade into invisibility!
The splash of poison hits Crazy Yiuf but does no damage.
Crazy Yiuf is poisoned.
Crazy Yiuf hits you with a +4 quarterstaff of chaos!
You feel drained.
You can't do that yet.
You are too injured to fight recklessly!
Crazy Yiuf is nearby!
You can't do that yet.
You are too injured to fight recklessly!
Crazy Yiuf is nearby!
You slash Crazy Yiuf!
Crazy Yiuf is heavily wounded.
Crazy Yiuf hits you with a +4 quarterstaff of chaos!
* * * LOW HITPOINT WARNING * * *
Crazy Yiuf freezes you.
You die...

#.# #..... #.#
#.#### #.# #.#
### #.####
###.##..
♣♣♣♣♣###.......
###
♣♣♣.♣....#.####..
#...#♣..♣.......#
##.
#...g@♣♣♣♣......#
#. #)..#♣♣
♣♣....## #. ###
♣♣#### #.
#######. #.......
##### #.#####.
#...# #.# #.
###.### #.# #.
#..⌠.⌠# #.# #.


You could see Crazy Yiuf (unable to see you, poisoned).

Vanquished Creatures
  2 adders (D:2)
  4 bats
  2 endoplasms (D:1)
  2 goblins (D:1)
  5 hobgoblins
  4 kobolds
  A quokka (D:2)
  6 ball pythons
  2 frilled lizards (D:2)
  4 rats
32 creatures vanquished.

Notes
Turn   | Place    | Note
-------+----------+-------------------------------------------
     0 | D:1      | 27snakeeyes612 the Naga Fighter began the quest for the
                  | Orb.
     0 | D:1      | Reached XP level 1. HP: 21/21 MP: 1/1
   153 | D:1      | Reached XP level 2. HP: 27/28 MP: 2/2
   178 | D:1      | Found Wosy's Book Boutique.
  1065 | D:2      | Reached XP level 3. HP: 19/34 MP: 3/3
  1417 | D:2      | Found a faded altar of an unknown god.
  1613 | D:2      | Found a runed translucent door.
  1614 | D:2      | Noticed Crazy Yiuf
  1852 | D:2      | HP: 1/33 [Crazy Yiuf/+4 quarterstaff of chaos (14)]
  1852 | D:2      | Slain by Crazy Yiuf

Illustrated notes

Levels and vault maps discovered:
D:1:      erik_arrival_triangle_large, layout_loops_ring, serial_shops, shop
D:2:      layout_loops_ring, hellmonk_ecumenical_altar_run_dry,
          uniq_crazy_yiuf_cottage

Skill      XL: |  1  2 |
---------------+-------+-----
Shields        | 3 |  3.1
Fighting       | |  3.4
Axes           | |  2.6
Armour         | |  2.8

Action                   || total
-------------------------++-------
Melee: War axe           ||    82
 Abil: Spit Poison       ||    18
Armor: Scale mail        ||    31
       Plate armour      ||    21
Dodge: Dodged            ||    38
Block: Buckler           ||    20

Table legend: (Time is in decaauts)
 A = Elapsed time spent in this place.
 B = Non-inter-level travel time spent in this place.
 C = Inter-level travel time spent in this place.
 D = Time resting spent in this place.
 E = Time spent auto-exploring this place.
 F = Levels seen in this place.
 G = Mean time per level.
                   A        B        C        D        E       F      G
               +--------+--------+--------+--------+--------+-----+--------+
         Total |   2442 |   2383 |     59 |      0 |   2095 |   2 | 1221.0 |
       Dungeon |   2442 |   2383 |     59 |      0 |   2095 |   2 | 1221.0 |
               +--------+--------+--------+--------+--------+-----+--------+

Top non-repeatable levels by time:
     D:2: 1360 daAuts
     D:1: 1082 daAuts
